Map: Alcyone LE

Players

demzi - Winner!

  • Race: Zerg Zerg
  • League: Platinum
  • Spawn Location: 7:00

NickCholo

  • Race: Terran Terran
  • League: Platinum
  • Spawn Location: 1:00

VOD

Have the link to the VOD?

Description

Time

  • Played on: March 24, 2024, 10:23 a.m.
  • Length: 9:33
Show
View Real Time Build Order
Export as new Build Order

demzi Zerg - Winner!

Build Orders: Hatch First 

Get SALT Encoding   

  12  0:00  Drone  
  13  0:12  Overlord  
  13  0:17  Drone  
  14  0:31  Drone  
  14  0:32  Drone  
  16  0:50  Hatchery  
  16  0:53  Drone  
  16  0:56  Drone  
  17  1:00  Drone  
  18  1:07  Extractor  
  17  1:16  Spawning Pool  
  16  1:19  Drone  
  16  1:22  Drone  
  18  1:28  Drone  
  19  1:39  Drone  
  20  1:50  Overlord  
  20  2:04  Queen x2  
  20  2:05  Zergling x4  
  26  2:09  Metabolic Boost  
  26  2:16  Drone  
  26  2:17  Drone  
  28  2:29  Overlord  
  28  2:45  Drone x2  
  30  2:52  Hatchery  
  30  2:56  Queen  
  30  2:57  Drone  
  32  3:01  Drone x2  
  32  3:03  Drone  
  35  3:16  Drone x5  
  35  3:19  Overlord  
  40  3:23  Overlord  
  40  3:38  Queen  
  40  3:40  Drone x5  
  46  3:43  Extractor  
  46  3:45  Extractor  
  46  3:47  Drone x2  
  46  3:58  Baneling Nest  
  46  4:00  Drone x3  
  46  4:01  Drone  
  49  4:08  Queen  
  51  4:13  Overlord x2  
  51  4:17  Lair  
  53  4:24  Drone x4  
  53  4:31  Drone, Evolution Chamber  
  54  4:33  Drone, Evolution Chamber  
  54  4:35  Drone  
  56  4:40  Zergling x2  
  56  4:41  Zergling x4  
  56  4:42  Zergling x2  
  56  4:43  Zergling x2  
  61  4:57  Drone x7  
  61  4:59  Overlord  
  68  5:14  Zerg Melee Weapons Level 1  
  68  5:16  Zerg Ground Armor Level 1  
  68  5:17  Centrifugal Hooks  
  68  5:21  Zergling x18  
  67  5:36  Zergling x8  
  68  5:57  Zergling x10  
  70  6:11  Hydralisk Den  
  69  6:14  Drone x11  
  69  6:16  Extractor  
  69  6:17  Extractor  
  77  6:22  Zergling x2  
  77  6:23  Zergling x2  
  74  6:31  Hatchery  
  73  6:36  Drone  
  73  6:37  Drone x3  
  77  6:41  Zergling x2, Hydralisk x6  
  77  6:47  Overlord x3  
  90  7:01  Overlord x4  
  90  7:07  Queen  
  92  7:16  Zerg Melee Weapons Level 2  
  92  7:17  Zerg Ground Armor Level 2  
  92  7:18  Zergling x2  
  92  7:19  Zergling x4, Hydralisk x2, Drone  
  92  7:20  Hydralisk x5  
  92  7:22  Baneling x5  
  110  7:23  Baneling x3  
  110  7:49  Hydralisk  
  110  7:50  Hydralisk x7  
  126  7:54  Zergling x12  
  126  7:55  Zergling x6  
  135  7:59  Drone  
  136  8:07  Overlord x4  
  136  8:16  Muscular Augments  
  136  8:19  Drone x8  
  144  8:21  Overlord x3  
  144  8:22  Extractor  
  143  8:40  Drone x2  
  143  8:41  Drone x3  
  146  8:42  Drone  
  146  8:44  Drone x3  
  146  8:45  Drone x5  
  146  8:46  Zergling x6  
  146  8:47  Zergling x6, Extractor  
  129  9:09  Zergling x12  
  137  9:10  Zergling x4  
Show
View Real Time Build Order
Export as new Build Order

NickCholo Terran 

Build Orders: Liberator Opening, Reaper Expand, Mech 

Get SALT Encoding   

  12  0:03  SCV  
  13  0:15  SCV  
  13  0:19  Supply Depot  
  14  0:27  SCV  
  15  0:40  SCV  
  15  0:42  Barracks  
  16  0:46  Refinery  
  16  0:52  SCV  
  17  1:09  SCV  
  18  1:21  SCV  
  19  1:30  Reaper  
  20  1:35  Command Center  
  20  1:42  Orbital Command  
  20  1:55  Supply Depot  
  20  1:57  Refinery  
  20  2:09  SCV  
  20  2:12  Barracks Reactor  
  21  2:22  Factory  
  21  2:25  SCV  
  23  2:37  SCV  
  23  2:48  Marine  
  23  2:49  Orbital Command, SCV  
  25  2:54  Bunker  
  25  3:02  SCV  
  25  3:14  Starport  
  25  3:15  SCV  
  25  3:19  SCV  
  27  3:22  Hellion x2  
  31  3:27  SCV  
  31  3:28  Supply Depot  
  31  3:32  SCV  
  33  3:39  SCV  
  34  3:44  Hellion x2  
  38  3:50  Supply Depot  
  38  3:52  SCV  
  39  3:58  Liberator  
  39  4:01  SCV  
  43  4:04  SCV  
  43  4:05  Cyclone x2  
  48  4:13  SCV  
  48  4:16  SCV  
  50  4:18  Factory  
  50  4:24  Supply Depot  
  50  4:25  SCV  
  50  4:28  SCV  
  52  4:36  Refinery  
  52  4:37  Hellion x2, SCV  
  57  4:40  SCV  
  58  4:47  Supply Depot  
  58  4:49  SCV  
  59  4:53  SCV  
  59  4:59  Refinery  
  60  5:00  Starport Tech Lab  
  60  5:01  SCV  
  60  5:02  Factory Tech Lab  
  60  5:05  Factory, SCV  
  62  5:09  Supply Depot  
  62  5:11  Hellion x2  
  62  5:13  SCV  
  67  5:17  SCV  
  62  5:30  Hellion  
  62  5:33  Hellion  
  66  5:45  Hellion  
  64  5:51  Hellion  
  64  5:54  Hellion  
  66  6:06  Hellion  
  66  6:07  Supply Depot  
  66  6:09  SCV  
  66  6:10  Command Center, SCV  
  70  6:12  Hellion  
  68  6:22  SCV x2  
  64  6:30  Factory Tech Lab  
  60  6:33  Factory  
  60  6:34  SCV x2  
  60  6:46  Hellion x3, SCV  
  65  6:52  Engineering Bay  
  65  6:54  Cyclone  
  67  7:07  Cyclone x3  
  73  7:13  SCV  
  74  7:15  SCV  
  74  7:17  Factory  
  74  7:20  Supply Depot  
  75  7:23  Factory Tech Lab  
  75  7:26  Siege Tank, SCV  
  77  7:39  Siege Tank  
  80  7:44  Supply Depot  
  80  7:48  Liberator  
  80  7:58  SCV  
  81  7:59  Siege Tank, SCV  
  81  8:01  Siege Tank  
  88  8:07  Supply Depot  
  88  8:09  Armory  
  88  8:10  SCV  
  88  8:11  Siege Tank, SCV  
  88  8:12  Armory  
  93  8:19  Factory Tech Lab  
  93  8:23  Command Center  
  93  8:31  Siege Tank, Refinery x2  
  93  8:32  Planetary Fortress  
  93  8:33  Siege Tank  
  99  8:35  Hellion  
  98  8:44  Siege Tank  
  101  8:49  Siege Tank  
Tags
 
Add a new tag
Caveats
  • Supply blocks, unpowered buildings, or Contaminate may cause inaccurate times.
  • Supply counts are checked every 10 seconds.